 Dungeon Crawl Stone Soup version 0.19-a0-607-g42021f0 (webtiles) character file.

6038 Geppetto the Charmwright (level 10, -2/121 HPs)
             Began as a Grey Draconian Skald on June 11, 2016.
             Was an Elder of Okawaru.
             Slain by a hill giant
             ... wielding a +0 giant club
              (13 damage)
             ... on level 10 of the Dungeon on June 12, 2016.
             The game lasted 00:43:55 (10625 turns).

Geppetto the Charmwright (Grey Draconian Skald)    Turns: 10625, Time: 00:43:55

Health: -2/121     AC: 25    Str: 19    XL:     10   Next: 56%
Magic:  2/18       EV:  2    Int: 14    God:    Okawaru [****..]
Gold:   238        SH:  0    Dex: 12    Spells: 5 memorised, 7 levels left

rFire  . . .     SeeInvis .     J - +8 glaive of the Shining Light {holy, Str+4}
rCold  . . .     Gourm    .     (armour unavailable)
rNeg   + + +     Faith    +     (shield currently unavailable)
rPois  +         Spirit   .     (helmet currently unavailable)
rElec  .         Dismiss  .     (cloak currently unavailable)
rCorr  .         Reflect  .     (gloves currently unavailable)
SustAt .         Harm     .     (boots currently unavailable)
MR     +....     Rnd*Rage +     d - amulet of faith
Stlth  ++++...... NoTele   +    (no ring)
                                G - ring of poison resistance

@: tree-form, heroism, somewhat resistant to hostile enchantments, stealthy
A: (walk through water), unfitting armour, berserk 1, magic resistance 1,
(unbreathing), (cold-blooded), AC +12
a: Heroism, Renounce Religion


You were on level 10 of the Dungeon.
You worshipped Okawaru.
Okawaru was greatly pleased with you.
You were hungry.
You were a tree.
You visited 2 branches of the dungeon, and saw 11 of its levels.
You also visited: Ossuary.

You collected 670 gold pieces.
You spent 432 gold pieces at shops.

Inventory:

Hand Weapons
 s - the +8 trident of Corporal Punishment {pierce, rF++}
   (You acquired it on level 5 of the Dungeon)

   It inflicts extra damage upon your enemies.
   It greatly protects you from fire.
 J - the +8 glaive of the Shining Light (weapon) {holy, Str+4}
   (You bought it in a shop on level 8 of the Dungeon)

   It has been blessed by the Shining One to cause great damage to the undead
   and demons.
   It affects your strength (+4).
Armour
 w - a +0 cloak (melded)
 y - a +0 buckler of poison resistance
 B - a +0 pair of gloves (melded)
 D - a +1 hat (melded)
Rods
 L - a +2 lightning rod (10/10)
   (You found it on level 8 of the Dungeon)
Jewellery
 d - an amulet of faith (around neck)
 G - a ring of poison resistance (left branch)
Wands
 a - a wand of paralysis (3/24)
 i - a wand of digging (14/24)
 n - a wand of acid (9/15)
 x - a wand of hasting (9/9)
 M - a wand of disintegration (10/24)
 Q - a wand of acid (7/15)
Scrolls
 h - 2 scrolls of amnesia
 m - 3 scrolls of enchant armour
 o - 2 scrolls of teleportation
 p - 4 scrolls of remove curse
 v - 3 scrolls of fog
 z - a scroll of fear
 A - 3 scrolls of noise {unknown}
 E - a scroll of recharging
 F - 2 scrolls of enchant weapon
 K - a scroll of blinking
Potions
 e - a potion of magic
 f - a potion of might
 g - a potion of haste
 j - 2 potions of cure mutation
 k - 6 potions of curing
 q - a potion of mutation
 r - a potion of brilliance {unknown}
 t - a potion of berserk rage {unknown}
 u - a potion of invisibility {unknown}
 I - a potion of lignification
 R - a potion of resistance {unknown}
Books
 b - a book of Battle

   Spells                             Type                      Level
   a - Infusion                       Charms                       1
   b - Shroud of Golubria             Charms/Translocation         2
   c - Song of Slaying                Charms                       2
   d - Spectral Weapon                Hexes/Charms                 3
   e - Regeneration                   Charms/Necromancy            3
 H - a book of Misfortune

   Spells                             Type                      Level
   a - Confusing Touch                Hexes                        2
   b - Confuse                        Hexes                        3
   c - Gell's Gravitas                Hexes/Translocation          3
   d - Petrify                        Transmutation/Earth          4
   e - Metabolic Englaciation         Hexes/Ice                    5
   f - Yara's Violent Unravelling     Hexes/Transmutation          5
Comestibles
 c - 4 bread rations
 l - 4 meat rations
 C - 9 slices of pizza
 N - 3 chunks of flesh
 O - 5 fruits
 P - 2 beef jerkies


   Skills:
 - Level 5.3(10.3) Fighting
   Level 2.0(7.0) Long Blades
 + Level 5.6(10.6) Polearms
 - Level 1.6(6.6) Dodging
 - Level 5.0(10.0) Shields
 * Level 5.6 Spellcasting
 - Level 5.0 Hexes
 - Level 6.6 Charms
 - Level 4.2 Necromancy
 - Level 3.9 Translocations
 + Level 5.5 Invocations


You had 7 spell levels left.
You knew the following spells:

 Your Spells              Type           Power        Failure   Level  Hunger
a - Song of Slaying       Chrm           ###.....     1%          2    ##.....
b - Shroud of Golubria    Chrm/Tloc      ###.......   2%          2    ##.....
c - Regeneration          Chrm/Necr      ###.......   8%          3    ###....
d - Spectral Weapon       Hex/Chrm       ###.....     6%          3    ###....
e - Confuse               Hex            ###.....     10%         3    ###....


Dungeon Overview and Level Annotations

Branches:
Dungeon (10/15)            Temple (1/1) D:5             Orc (0/2) D:9
   Lair: D:8-11

Altars:
Ashenzari
Cheibriados
Dithmenos
Elyvilon
Fedhas
Gozag
Hepliaklqana
Kikubaaqudgha
Makhleb
Nemelex Xobeh
Okawaru
Pakellas
Qazlal
Ru
Sif Muna
Trog
Uskayaw
Vehumet
Xom
Yredelemnul
Zin
The Shining One

Shops:
D:5 [   D:8 *


Innate Abilities, Weirdness & Mutations

((You can walk through water.))
((Your dull iron-grey scales are very hard. (AC +12)))
Your body does not fit into most forms of armour.
((You can survive without breathing.))
((You are cold-blooded and may be slowed by cold attacks.))
You tend to lose your temper in combat.
You are resistant to hostile enchantments. (MR+)


Message History

The hill giant hits you with a giant club!!
* * * LOW HITPOINT WARNING * * *
Your shroud falls apart!
It was a potion of lignification.
You turn into a tree.
Your +0 cloak melds into your body.
Your +1 hat melds into your body.
Your +0 pair of gloves melds into your body.
Your roots penetrate the ground.
Casting: Shroud of Golubria
Confirm with . or Enter, or press ? or * to list all spells.
You draw out your weapon's spirit!
The hill giant hits you with a giant club!
* * * LOW HITPOINT WARNING * * *
You feel better.
Your skin stops crawling.
The hill giant hits you but does no damage.
It was a potion of mutation.
You feel extremely strange.
You feel resistant to hostile enchantments.
You feel a little pissed off.
The hill giant hits you with a giant club!
You die...

#. #..###########
.# #.......rZC(#
...#####.#####♣#
#.# ###..######
#..##.r....###
#.P...P.P...##
####..P.....P...#
.......P....P....#
#...P.....PPP...
##..PP.#+##.P.P..
##.$P...# P.PP..


You could see a hill giant, a rat, a hound skeleton and a friendly spectral
glaive of the Shining Light {holy, Str+4}.

Vanquished Creatures
  A hill giant (D:10)
  Pikel (D:9)
  A troll (D:8)
  2 two-headed ogres
  Sigmund (D:3)
  A human (D:8)
  A yak (D:10)
  A wyvern (D:8)
  2 hungry ghosts
  Edmund (D:5)
  A water moccasin (D:9)
  Duvessa (D:5)
  2 ice beasts
  2 orc warriors
  2 slaves (D:9)
  3 phantoms
  A black bear (D:9)
  4 ogres
  2 centaurs
  A crocodile (D:10)
  A big kobold (D:8)
  4 giant frogs
  Dowan (D:5)
  3 scorpions
  2 water moccasin skeletons
  A giant frog zombie (D:10)
  4 crimson imps
  A quasit (D:7)
  4 hounds
  A jelly (D:7)
  A centaur skeleton (D:10)
  4 orc priests
  2 iguanas
  Ijyb (D:3)
  2 orc wizards
  9 worker ants
  2 killer bee zombies
  4 sheep (D:8)
  11 mummies (Ossuary)
  A worker ant zombie (D:9)
  3 gnolls (D:6)
  15 adders
  A shadow imp (D:9)
  An adder skeleton (D:6)
  2 worms
  A dart slug (D:3)
  4 giant geckos
  21 orcs
  2 ball pythons
  5 giant cockroaches
  8 goblins
  6 hobgoblins
  10 jackals
  5 quokkas
  13 bats
  2 giant gecko skeletons
  4 giant newts
  3 gnoll skeletons (Ossuary)
  2 goblin skeletons (Ossuary)
  A jackal zombie (D:6)
  14 kobolds
  3 orc skeletons (Ossuary)
  14 rats
  11 rat skeletons (Ossuary)
241 creatures vanquished.

Vanquished Creatures (others)
  A big kobold (D:9)
  A shadow imp (D:9)
  2 kobolds (D:9)
  4 fungi (D:10)
  2 plants (D:10)
  2 spectral weapons
12 creatures vanquished.

Grand Total: 253 creatures vanquished

Notes
Turn   | Place    | Note
--------------------------------------------------------------
     0 | D:1      | Geppetto the Draconian Skald began the quest for the Orb.
     0 | D:1      | Reached XP level 1. HP: 17/17 MP: 3/3
   259 | D:1      | Reached skill level 3 in Charms
   268 | D:1      | Reached XP level 2. HP: 22/25 MP: 5/5
   488 | D:1      | Learned a level 2 spell: Shroud of Golubria
   724 | D:1      | Reached skill level 1 in Polearms
   824 | D:1      | Learned a level 2 spell: Song of Slaying
   856 | D:2      | Reached XP level 3. HP: 30/30 MP: 6/6
  1032 | D:2      | Found a radiant altar of Vehumet.
  1209 | D:2      | Found a glowing silver altar of Zin.
  1397 | D:2      | Reached skill level 1 in Translocations
  1804 | D:3      | Noticed Ijyb
  1816 | D:3      | Killed Ijyb
  1816 | D:3      | Reached XP level 4. HP: 37/37 MP: 3/7
  1827 | D:3      | Learned a level 3 spell: Regeneration
  1968 | D:3      | Noticed Sigmund
  2188 | D:3      | Killed Sigmund
  2188 | D:3      | Reached XP level 5. HP: 26/45 MP: 2/8
  2340 | D:4      | Found a sand-covered staircase.
  2346 | Ossuary  | Entered an ossuary
  2468 | Ossuary  | Reached XP level 6. HP: 38/52 MP: 7/9
  3240 | Ossuary  | HP: 1/52 [mummy (19)]
  3848 | D:4      | Reached skill level 4 in Charms
  3848 | D:4      | Your scales start taking on a dull iron-grey colour.
  3848 | D:4      | Reached XP level 7. HP: 9/60 MP: 0/11
  3848 | D:4      | Gained mutation: You can survive without breathing. [Grey Draconian growth]
  4196 | D:4      | Found a blossoming altar of Fedhas.
  4528 | D:4      | Reached skill level 1 in Necromancy
  4804 | D:4      | Reached skill level 5 in Fighting
  4810 | D:4      | Found a snail-covered altar of Cheibriados.
  4974 | D:5      | Entered Level 5 of the Dungeon
  4981 | D:5      | Noticed Duvessa
  4987 | D:5      | Noticed Dowan
  4990 | D:5      | Reached skill level 5 in Charms
  4999 | D:5      | Killed Duvessa
  5007 | D:5      | Killed Dowan
  5128 | D:5      | Found Omudarch's Armour Shop.
  5131 | D:5      | Bought a +0 buckler of poison resistance for 110 gold pieces
  5254 | D:5      | Reached skill level 1 in Shields
  5254 | D:5      | Reached XP level 8. HP: 68/68 MP: 7/12
  5374 | D:5      | Found a stormy altar of Qazlal.
  5602 | D:5      | Noticed Edmund
  5619 | D:5      | Killed Edmund
  5724 | D:5      | Found a bloodstained altar of Trog.
  5746 | D:5      | Found a staircase to the Ecumenical Temple.
  5761 | Temple   | Entered the Ecumenical Temple
  5866 | Temple   | Became a worshipper of Warmaster Okawaru
  5978 | D:5      | Identified a scroll of acquirement
  5979 | D:5      | Got a bone trident
  5980 | D:5      | Identified the +8 trident of Corporal Punishment {pierce, rF++} (You acquired it on level 5 of the Dungeon)
  6792 | D:7      | Reached skill level 6 in Charms
  6816 | D:7      | Reached * piety under Okawaru
  7230 | D:7      | Reached skill level 5 in Shields
  7230 | D:7      | Reached XP level 9. HP: 74/74 MP: 10/13
  7238 | D:7      | Learned a level 3 spell: Spectral Weapon
  7261 | D:7      | Reached skill level 1 in Hexes
  7479 | D:7      | Found a sacrificial altar of Ru.
  7487 | D:7      | Found a glowing golden altar of the Shining One.
  7487 | D:7      | Found an ancient bone altar of Kikubaaqudgha.
  7487 | D:7      | Found a shattered altar of Ashenzari.
  7490 | D:7      | Found a hazy altar of Hepliaklqana.
  7520 | D:7      | Reached skill level 1 in Invocations
  7762 | D:8      | Found Raluby's Assorted Antiques.
  7778 | D:8      | Bought a steaming glaive for 322 gold pieces
  7784 | D:8      | Identified the +8 glaive of the Shining Light {holy, Str+4} (You bought it in a shop on level 8 of the Dungeon)
  7828 | D:8      | Reached ** piety under Okawaru
  8586 | D:8      | Found a hide-covered altar of Uskayaw.
  8643 | D:8      | Noticed a troll
  8654 | D:8      | Killed a troll
  9084 | D:8      | Reached skill level 5 in Hexes
  9134 | D:8      | Upgraded the game from 0.19-a0-599-g723c685 to 0.19-a0-607-g42021f0
  9186 | D:9      | Found a staircase to the Orcish Mines.
  9280 | D:9      | Learned a level 3 spell: Confuse
  9339 | D:9      | Reached *** piety under Okawaru
  9339 | D:9      | Reached XP level 10. HP: 81/81 MP: 8/15
  9494 | D:9      | Noticed Pikel
  9506 | D:9      | Killed Pikel
 10280 | D:10     | Entered Level 10 of the Dungeon
 10287 | D:10     | Reached skill level 5 in Polearms
 10327 | D:10     | Noticed a hill giant
 10338 | D:10     | Killed a hill giant
 10338 | D:10     | Reached **** piety under Okawaru
 10338 | D:10     | Reached skill level 5 in Spellcasting
 10338 | D:10     | Reached skill level 5 in Invocations
 10592 | D:10     | Noticed a hill giant
 10623 | D:10     | HP: 5/121 [hill giant/giant club (17)]
 10625 | D:10     | Gained mutation: You are resistant to hostile enchantments. (MR+) [potion of mutation]
 10625 | D:10     | Gained mutation: You tend to lose your temper in combat. [potion of mutation]
 10625 | D:10     | Slain by a hill giant

Vault maps used:
D:1:      ncdulo_lavacross, glass_columns_a
D:2:      nicolae_overflow_hidden_temple, marbit_many_paths
D:3:      uniq_iyjb, uniq_sigmund
D:4:      lemuel_crystal_altar, nicolae_ossuary_entry_plus, serial_bayou,
          serial_bayou_shore_a, serial_bayou_pond_c, serial_bayou_pond_c,
          serial_bayou_shore_b, st_stairs_11, fedhas_altar_3
D:5:      grunt_qazlal_clouds, minmay_temple_entry_purple_smoke, first_bread,
          serial_shops, nicolae_shop_stone, basic_altar,
          hangedman_decor_opposing, uniq_duvessa, uniq_edmund
D:7:      minitemple
D:8:      nicolae_overflow_crystal_walls, serial_shops,
          nicolae_shop_overgrown_old_shop, grunt_livestock
D:9:      david_orc_3, uniq_pikel
D:10:     grunt_lair_entry_orc_guard_hut
Temple:   circular_temple_12
Ossuary:  ossuary_due_small_catacomb

Skill      XL: |  1  2  3  4  5  6  7  8  9 10 |
---------------+-------------------------------+-----
Charms         | 3 4 5 6 |  6.6
Polearms       | 1 2 4 5 |  5.6
Translocations | 2 3 |  3.9
Fighting       | 3 4 5 |  5.3
Spellcasting   | 3 5 |  5.6
Necromancy     | 2 4 |  4.2
Shields        | 1 5 |  5.0
Hexes          | 5 |  5.0
Invocations    | 4 5 |  5.5
Long Blades    | |  2.0
Dodging        | |  1.6

Action                   |  1- 3 |  4- 6 |  7- 9 | 10-12 || total
-------------------------+-------+-------+-------+-------++-------
Melee: Falchion          |    38 |       |       |       ||    38
       Tailslap          |    14 |    24 |    36 |    12 ||    86
       Spear             |    99 |   278 |   214 |       ||   591
       Trident           |       |       |   145 |       ||   145
       Glaive            |       |       |    81 |   115 ||   196
 Cast: Infusion          |     1 |       |       |       ||     1
       Shroud of Golubri |     6 |    33 |    44 |    15 ||    98
       Song of Slaying   |     3 |     2 |    24 |     8 ||    37
       Regeneration      |       |     1 |     3 |     3 ||     7
       Spectral Weapon   |       |       |     1 |    12 ||    13
       Confuse           |       |       |       |     1 ||     1
Invok: Heroism           |       |       |     5 |     1 ||     6
  Use: Scroll            |     8 |     1 |    12 |       ||    21
       Potion            |       |     2 |       |     3 ||     5
 Stab: Sleeping          |     2 |       |       |       ||     2
  Eat: Chunk             |     4 |     3 |    21 |     8 ||    36
       Fruit             |       |     2 |       |       ||     2
       Bread ration      |       |     1 |     1 |       ||     2
       Beef jerky        |       |     1 |       |       ||     1
Armor: Skin              |    32 |    22 |   218 |    73 ||   345
Dodge: Dodged            |    63 |    70 |   261 |    92 ||   486
Block: Buckler           |       |       |    53 |       ||    53
